 Dungeon Crawl Stone Soup version 0.28.0-53-g5a82cb258f (webtiles) character file.

Game seed: 1902918027571297753

93 mcbry74 the Chopper (level 4, -2/40 HPs)
             Began as a Hill Orc Fighter on July 8, 2022.
             Was a Follower of Wu Jian.
             Slain by a gnoll
             ... wielding a +0 spear
              (3 damage)
             ... on level 3 of the Dungeon.
             The game lasted 00:04:46 (2349 turns).

mcbry74 the Chopper (Hill Orc Fighter)              Turns: 2349, Time: 00:04:47

Health: -2/40      AC:  9    Str: 18    XL:     4   Next: 61%
Magic:  4/4        EV:  6    Int: 10    God:    Wu Jian [*.....]
Gold:   83         SH:  4    Dex: 10    Spells: 3/3 levels left

rFire   . . .      SeeInvis .   a - +0 war axe
rCold   . . .      Faith    .   c - +0 buckler
rNeg    . . .      Spirit   .   h - +0 chain mail
rPois   .          Reflect  .   (no helmet)
rElec   .          Harm     .   (no cloak)
rCorr   .          Rampage  .   (no gloves)
Will    .....                   (no boots)
Stlth   ..........              (no amulet)
HPRegen 0.13/turn               (no ring)
MPRegen 0.09/turn               (no ring)

@: mighty
A: no striking features
a: Renounce Religion


You were on level 3 of the Dungeon.
You worshipped Wu Jian.
Wu Jian was aware of your devotion.
You visited 1 branch of the dungeon, and saw 3 of its levels.

You collected 83 gold pieces.

Inventory:

Hand Weapons
 a - a +0 war axe (weapon)
Missiles
 e - 2 poisoned darts (quivered)
Armour
 b - a +0 scale mail
 c - a +0 buckler (worn)
 h - a +0 chain mail (worn)
Scrolls
 f - a scroll of teleportation {unknown}
 g - 2 scrolls of identify {unknown}
 i - a scroll of enchant weapon {unknown}
Potions
 j - a potion of resistance {unknown}
 k - a potion of mutation {unknown}


   Skills:
 - Level 4.0 Fighting
 * Level 4.6 Axes
 + Level 3.9 Armour
 + Level 3.9 Shields


You had 3 spell levels left.
You didn't know any spells.
Your spell library was empty.

Dungeon Overview and Level Annotations

Branches:
Dungeon (3/15)

Altars:
Wu Jian


Message History

A gnoll comes into view. It is wielding a +0 spear.
Things that are here:
a +0 club; a +0 flail You closely miss the gnoll.
The gnoll hits you with a +0 spear.
The gnoll hits you from afar with a +0 spear.
The gnoll hits you with a +0 spear.
* * * LOW HITPOINT WARNING * * *
The gnoll hits you from afar with a +0 spear.
* * * LOW HITPOINT WARNING * * *
Found a scroll labelled JYONGA NUPTA.
You see here a scroll labelled JYONGA NUPTA.
A jackal comes into view.
You lunge at the gnoll.
You hit the gnoll but do no damage.
You see here a scroll labelled JYONGA NUPTA.
The gnoll hits you but does no damage.
You closely miss the jackal. The jackal barely misses you.
The gnoll hits you from afar with a +0 spear!
* * * LOW HITPOINT WARNING * * *
You block the jackal's attack. You block the gnoll's attack.
You feel very mighty all of a sudden. The jackal barely misses you.
You block the gnoll's attack.
You lunge at the gnoll.
You barely miss the gnoll. You block the gnoll's attack.
The gnoll hits you but does no damage.
The jackal bites you but does no damage.
You see here a scroll labelled JYONGA NUPTA.
You slash the gnoll!
The gnoll is heavily wounded.
You barely miss the jackal. The jackal barely misses you.
The gnoll hits you but does no damage. The gnoll completely misses you.
The jackal bites you but does no damage.
You barely miss the gnoll.
The gnoll is heavily wounded.
You slash the jackal!
You kill the jackal!
The Council accepts your kill. The gnoll barely misses you. x2
The gnoll hits you from afar with a +0 spear.
* * * LOW HITPOINT WARNING * * *
The gnoll hits you with a +0 spear.
You die...

#.........†....#
##
##....##########
# #.#.## #
#...g# ####
.g....#.# #...
#.#g####)# #.##
#.#g...# #.# .
#g#### #.# .#
#@# #.# #†# #.#
#.# #.# #.#
#####.# ..#
#.....# ###
#.##### #.# #.#
#.#


You could see 2 gnolls.

Vanquished Creatures
  2 gnolls (D:3)
  2 adders
  7 bats
  5 endoplasms
  5 giant cockroaches
  5 goblins
  5 hobgoblins
  7 jackals
  A quokka (D:1)
  2 ball pythons
  2 frilled lizards
  2 kobolds (D:1)
  7 rats
52 creatures vanquished.

Vanquished Creatures (others)
  A fungus (D:2)
  10 plants (D:2)
11 creatures vanquished.

Grand Total: 63 creatures vanquished

Notes
Turn   | Place    | Note
-------+----------+-------------------------------------------
     0 | D:1      | mcbry74 the Hill Orc Fighter began the quest for the Orb.
     0 | D:1      | Reached XP level 1. HP: 19/19 MP: 1/1
   200 | D:1      | Reached XP level 2. HP: 26/27 MP: 2/2
   549 | D:1      | Reached XP level 3. HP: 25/33 MP: 3/3
  1772 | D:2      | Found a faded altar of an unknown god.
  1795 | D:2      | Prayed at the altar of an unknown god.
  1795 | D:2      | Became a worshipper of the Wu Jian Council
  1795 | D:2      | Reached * piety under Wu Jian
  1949 | D:2      | Reached XP level 4. HP: 40/40 MP: 4/4
  2349 | D:3      | HP: 1/40 [gnoll/+0 spear (3)]
  2349 | D:3      | Slain by a gnoll

Illustrated notes

Levels and vault maps discovered:
D:1:      wander_arrival_fairy_ring, layout_basic, hangedman_decor_slide_cut
D:2:      layout_basic, dreamdust_ecumenical_altar_hidden_monk_grotto
D:3:      layout_basic, kennysheep_slug_shrine,
          mainiacjoe_overflow_six_doors_small, serial_bayou_pond_d,
          lemuel_old_faithful

Skill      XL: |  1  2  3 |
---------------+----------+-----
Axes           | 3 4 |  4.6
Fighting       | 4 |  4.0
Armour         | |  3.9
Shields        | |  3.9

Action                   |  1- 3 |  4- 6 || total
-------------------------+-------+-------++-------
Melee: War axe           |   100 |    28 ||   128
Invok: Lunge             |       |     5 ||     5
       Whirlwind         |       |     2 ||     2
  Use: Potion            |       |     1 ||     1
Armor: Scale mail        |    52 |       ||    52
       Chain mail        |    17 |    17 ||    34
Dodge: Dodged            |    48 |     6 ||    54
Block: Buckler           |    23 |     6 ||    29
